 Dungeon Crawl Stone Soup version 0.31.0-9-g3a7656b989 (webtiles) character file.

Game seed: 7798350195021297207

173 qw the Skirmisher (level 5, -1/29 HPs)
             Began as a Deep Elf Hunter on Feb 2, 2024.
             Incinerated by a bombardier beetle (4 damage)
             ... with a burning spray
             ... on level 3 of the Dungeon.
             The game lasted 00:00:07 (2345 turns).

qw the Skirmisher (Deep Elf Hunter)                 Turns: 2345, Time: 00:00:08

Health: -1/29      AC:  7    Str: 10    XL:     5   Next: 28%
Magic:  7/7        EV: 11    Int: 14    God:
Gold:   112        SH:  0    Dex: 18    Spells: 4/4 levels left

rFire   . . .        a - +0 shortbow
rCold   . . .        (shield currently unavailable)
rNeg    . . .        d - +0 ring mail
rPois   .            f - +0 helmet
rElec   .            (no cloak)
rCorr   .            i - +0 pair of gloves
SInv    .            (no boots)
Will    +....        (no amulet)
Stlth   +            h - ring of willpower
HPRegen 0.24/turn    (no ring)
MPRegen 0.10/turn

%: no passive effects
@: on fire, glowing
A: no striking features
a: no special abilities


You were on level 3 of the Dungeon.
You visited 1 branch of the dungeon, and saw 3 of its levels.

You collected 112 gold pieces.


   Skills:
 - Level 1.5 Fighting
 + Level 8.7 Ranged Weapons
 - Level 2.4 Dodging
 - Level 1.2 Stealth


You had 4 spell levels left.
You didn't know any spells.
Your spell library was empty.

Inventory:

Hand Weapons
 a - a +0 shortbow (weapon)
Armour
 b - a +0 troll leather armour {Pargi}
 d - a +0 ring mail (worn)
 f - a +0 helmet (worn)
 i - a +0 pair of gloves (worn)
Jewellery
 c - a ring of willpower
 h - a ring of willpower (left hand)
Wands
 k - a wand of iceblast (9)
 l - a wand of paralysis (14)
Scrolls
 j - a scroll of fog {unknown}
Potions
 e - a potion of heal wounds {unknown}
 g - a potion of curing
 m - a potion of enlightenment {unknown}

Dungeon Overview and Level Annotations

Branches:
Dungeon (3/15)

Altars:
Ru


Message History

You shoot an arrow. The arrow hits the bombardier beetle.
The bombardier beetle is moderately wounded.
You shoot an arrow.
The arrow closely misses the bombardier beetle.
You shoot an arrow.
The arrow hits the bombardier beetle but does no damage.
The bombardier beetle is moderately wounded.
You shoot an arrow.
The arrow barely misses the bombardier beetle.
The bombardier beetle sprays incendiary fluid at you.
The burning spray hits you.
You are covered in liquid fire!
You shoot an arrow.
The arrow barely misses the bombardier beetle.
The liquid fire burns you!
You shoot an arrow. The arrow hits the bombardier beetle.
The bombardier beetle is moderately wounded.
The liquid fire burns you!
The bombardier beetle sprays incendiary fluid at you.
The burning spray hits you.
You are even more covered in liquid fire!
You shoot an arrow.
The arrow barely misses the bombardier beetle.
The liquid fire burns you!
You shoot an arrow. The arrow hits the bombardier beetle.
The bombardier beetle is heavily wounded.
The liquid fire burns you!
The bombardier beetle barely misses you.
You shoot an arrow.
The arrow closely misses the bombardier beetle.
The liquid fire burns you!
You shoot an arrow.
The arrow hits the bombardier beetle but does no damage.
The bombardier beetle is heavily wounded.
The liquid fire burns you!
The bombardier beetle closely misses you.
You shoot an arrow. The arrow hits the bombardier beetle.
The bombardier beetle is heavily wounded.
The liquid fire burns you!
You die...

#.. #.............# ...
############.## %[. #.# #.# #.#
#.# #.########## #.########.
##.#......... #..........
##............
####..##############.###..#######
#.....# #.@....# #..#######
#.###.# #B####.###..##.(... #.#
#.# #. ##.....##..... #.# #.#####
#. ####..##..### #.# #.....# #.
##..##..#.. #.# #####.#
#.#######...##..#._ #.# #.#
#..)............#.. #.# #.#
#######.#)......... #.# #.#
#.......#####.##...


You could see a bombardier beetle.

Vanquished Creatures
  Pargi (D:3)
  Ijyb (D:3)
  An adder (D:3)
  2 dart slugs
  A ribbon worm (D:2)
  An orc (D:3)
  7 ball pythons
  5 bats
  9 endoplasms
  A giant cockroach (D:1)
  3 goblins (D:3)
  2 hobgoblins
  2 quokkas (D:1)
  2 frilled lizards (D:1)
  3 kobolds
  2 rats
  A spectral goblin (D:2)
44 creatures vanquished.

Notes
Turn   | Place    | Note
-------+----------+-------------------------------------------
     0 | D:1      | qw the Deep Elf Hunter began the quest for the Orb.
     0 | D:1      | Reached XP level 1. HP: 12/12 MP: 3/3
     0 | D:1      | 0 ||| qw: Version: 0.3-a-155-g5e7d8dd
     0 | D:1      | 0 ||| qw: Game counter: 2621
     0 | D:1      | 0 ||| qw: Melee chars always use a shield: true
     0 | D:1      | 0 ||| qw: God list: Okawaru
     0 | D:1      | 0 ||| qw: Allow faded altars: false
     0 | D:1      | 0 ||| qw: Do Orc after clearing Dungeon:15 true
     0 | D:1      | 0 ||| qw: Do second Lair branch before Depths: true
     0 | D:1      | 0 ||| qw: Lair rune preference: random
     0 | D:1      | 0 ||| qw: Goals: Normal
     0 | D:1      | 0 ||| PLANNING D:1-11
   346 | D:1      | Reached XP level 2. HP: 16/16 MP: 4/4
   389 | D:1      | Reached skill level 6 in Ranged Weapons
   907 | D:1      | 907 ||| UPGRADING to +0 ring mail.
   917 | D:1      | 917 ||| DROPPING +0 leather armour.
   918 | D:1      | 918 ||| UPGRADING to +0 pair of gloves.
   923 | D:1      | 923 ||| UPGRADING to ring of willpower.
   924 | D:1      | 924 ||| READING 2 scrolls labelled YTOLYF ZAKO.
   924 | D:1      | 924 ||| IDENTIFYING 2 viscous clear potions
   925 | D:1      | 925 ||| READING scroll of identify.
   925 | D:1      | 925 ||| IDENTIFYING scroll labelled CIARGH WOSTAGE
   926 | D:1      | 926 ||| READING scroll labelled WIXKIT CITRUOKH.
   927 | D:1      | 927 ||| DROPPING scroll of butterflies.
   928 | D:1      | 928 ||| DROPPING scroll of blinking.
  1127 | D:2      | Found a faded altar of an unknown god.
  1328 | D:2      | Reached XP level 3. HP: 20/20 MP: 5/5
  1533 | D:2      | 1533 ||| UPGRADING to +0 helmet.
  1538 | D:2      | 1538 ||| READING scroll labelled DIUHEA DUZIE.
  1543 | D:2      | 1543 ||| READING scroll labelled PAUMMA ZAENA.
  1544 | D:2      | 1544 ||| READING scroll labelled BAOFEANENK.
  1545 | D:2      | 1545 ||| DRINKING 2 silvery potions.
  1546 | D:2      | 1546 ||| DRINKING 2 potions of curing.
  1546 | D:2      | 1546 ||| (to cure confusion)
  1547 | D:2      | 1547 ||| DROPPING potion of ambrosia.
  1549 | D:2      | 1549 ||| Stepping ~*~*~tactically~*~*~ (cloud).
  1552 | D:2      | HP: 5/20 [poisoned by you (poison gas)]
  1556 | D:2      | HP: 2/20 [poisoned by you (poison gas)]
  1720 | D:3      | Noticed Pargi
  1721 | D:3      | 1721 ||| ZAPPING wand of paralysis (5) at -7,-1 (Pargi;
                  | floor).
  1722 | D:3      | 1722 ||| ZAPPING wand of paralysis (4) at -6,0 (Pargi;
                  | floor).
  1723 | D:3      | 1723 ||| ZAPPING wand of paralysis (3) at -5,0 (Pargi;
                  | floor).
  1730 | D:3      | 1730 ||| ZAPPING wand of paralysis (2) at -3,0 (Pargi;
                  | floor).
  1735 | D:3      | 1735 ||| FLEEEEING.
  1736 | D:3      | 1736 ||| FLEEEEING.
  1745 | D:3      | 1745 ||| ZAPPING wand of paralysis (1) at -1,1 (Pargi;
                  | floor).
  1754 | D:3      | Killed Pargi
  1755 | D:3      | Reached skill level 8 in Ranged Weapons
  1755 | D:3      | Reached XP level 4. HP: 25/25 MP: 6/6
  1758 | D:3      | Found a sacrificial altar of Ru.
  1970 | D:3      | Reached XP level 5. HP: 29/29 MP: 7/7
  2052 | D:3      | Noticed Ijyb
  2058 | D:3      | Killed Ijyb
  2343 | D:3      | HP: 7/29 [burnt (5)]
  2344 | D:3      | HP: 3/29 [burnt (4)]
  2345 | D:3      | Incinerated by a bombardier beetle

Levels and vault maps discovered:
D:1:      psy_arrival_conway, layout_loops_corners
D:2:      layout_basic, dreamdust_ecumenical_altar_drowned_temple,
          nicolae_the_louvre
D:3:      layout_loops_ring, mainiacjoe_overflow_chevrons, uniq_pargi, uniq_ijyb

Skill      XL: |  1  2  3 |
---------------+----------+-----
Ranged Weapons | 6 8 |  8.7
Fighting       | |  1.5
Dodging        | |  2.4
Stealth        | |  1.2

Action                     |  1- 3 |  4- 6 || total
---------------------------+-------+-------++-------
   Fire: Shortbow          |   107 |    33 ||   140
  Evoke: Wand              |     5 |       ||     5
    Use: Scroll            |     6 |       ||     6
         Potion            |     2 |       ||     2
 Armour: Leather armour    |     2 |       ||     2
         Ring mail         |    18 |     4 ||    22
  Dodge: Dodged            |    21 |     3 ||    24

Table legend:
 A = Non-vault XP
 B = Vault XP
 C = Vault XP percentage of total XP
 D = Non-vault monster count
 E = Vault monster count
 F = Vault count percentage of total count
                 A         B        C        D         E       F
            +---------+---------+-------+---------+---------+-------
      Total |      86 |     162 |  65.3 |      41 |       3 |   6.8
            +---------+---------+-------+---------+---------+-------
        D:1 |      27 |       0 |   0.0 |      16 |       0 |   0.0
        D:2 |      21 |       1 |   4.5 |      10 |       1 |   9.1
        D:3 |      38 |     161 |  80.9 |      15 |       2 |  11.8
            +---------+---------+-------+---------+---------+-------
